 Dungeon Crawl Stone Soup version 0.28.0-53-g5a82cb258f (webtiles) character file.

Game seed: 8947401520229533158

115 Holzbalken the Chopper (level 4, -4/33 HPs)
             Began as a Demonspawn Gladiator on May 29, 2022.
             Killed from afar by an orc wizard (11 damage)
             ... with a puff of flame
             ... on level 3 of the Dungeon.
             The game lasted 00:05:46 (1746 turns).

Holzbalken the Chopper (Demonspawn Gladiator)       Turns: 1746, Time: 00:05:47

Health: -4/33      AC: 11    Str: 17    XL:     4   Next: 68%
Magic:  4/4        EV: 12    Int:  9    God:
Gold:   81         SH:  0    Dex: 20    Spells: 3/3 levels left

rFire   . . .      SeeInvis .   a - +0 war axe
rCold   . . .      Faith    .   (no shield)
rNeg    . . .      Spirit   .   o - +0 scale mail
rPois   .          Reflect  .   c - +0 helmet
rElec   .          Harm     .   (no cloak)
rCorr   .          Rampage  .   (no gloves)
Will    .....                   (no boots)
Stlth   ..........              (no amulet)
HPRegen 0.11/turn               i - +6 ring of dexterity
MPRegen 0.09/turn               m - +4 ring of protection

@: no status effects
A: claws 1, repulsion field 1, spiny 1
a: no special abilities


You were on level 3 of the Dungeon.
You visited 1 branch of the dungeon, and saw 3 of its levels.

You collected 120 gold pieces.
You spent 39 gold pieces at shops.

Inventory:

Hand Weapons
 a - a +0 war axe (weapon)
Missiles
 d - 3 throwing nets (quivered)
Armour
 c - a +0 helmet (worn)
 o - a +0 scale mail (worn)
Jewellery
 i - a +6 ring of dexterity (left claw)
 m - a +4 ring of protection (right claw)
Scrolls
 f - a scroll of immolation {unknown}
 j - 2 scrolls of enchant weapon {unknown}
 k - a scroll of noise {unknown}
 l - a scroll of fog {unknown}
 p - a scroll of teleportation {unknown}
Potions
 b - a potion of heal wounds {unknown}
 e - 2 potions of haste {unknown}
 g - a potion of lignification {unknown}
 h - a potion of ambrosia {unknown}


   Skills:
 - Level 2.0 Fighting
 + Level 5.0 Axes
 - Level 1.7 Throwing
 - Level 2.6 Dodging


You had 3 spell levels left.
You didn't know any spells.
Your spell library was empty.

Dungeon Overview and Level Annotations

Branches:
Dungeon (3/15)

Altars:
Fedhas

Shops:
D:1 !   D:2 (


Innate Abilities, Weirdness & Mutations

You have sharp fingernails.
You are surrounded by a mild repulsion field. (EV +2)
You are partially covered in sharp spines.


Message History

You barely miss something. You hit the quokka.
You hear some strange, mumbled words.
A puff of flame appears from out of thin air!
The puff of flame hits you.
* * * LOW HITPOINT WARNING * * *
The orc priest closely misses you. The quokka barely misses you.
Something hits you but does no damage.
The orc priest invokes the aid of Beogh against you.
Pain shoots through your body!
* * * LOW HITPOINT WARNING * * *
You hit the orc priest.
You kill the orc priest!
You hit something but do no damage. You slash the quokka!
You kill the quokka!
The bat misses you. Something hits you.
* * * LOW HITPOINT WARNING * * *
Your Axes skill increases to level 5!
You closely miss something. The bat hits you but does no damage.
Something hits you but does no damage.
You miss something. The bat is struck by your spines. The bat misses you.
Something barely misses you.
You miss something. You claw something. The bat closely misses you.
You hear some strange, mumbled words.
Something tries to affect you, but you resist.
Something hits you.
* * * LOW HITPOINT WARNING * * *
You feel better. The bat misses you. Something hits you.
* * * LOW HITPOINT WARNING * * *
You miss something. The bat closely misses you.
You hear some strange, mumbled words.
A magic dart appears from out of thin air!
The magic dart hits you but does no damage.
You barely miss something. You hit the bat.
You kill the bat!
Something hits you but does no damage.
You barely miss something.
You hear some strange, mumbled words.
A puff of flame appears from out of thin air!
The puff of flame hits you!
You die...

#.........
#........#
#........## .
#.........##
#.#....!$....#
#.#.$.........
#....){)...#
#.. #@#
#.##.######.
#...........
#.#.######.. #
#<# #....#
#.#.## # #. ..


There were no monsters in sight!

Vanquished Creatures
  An orc priest (D:3)
  4 adders (D:2)
  2 worms (D:2)
  A dart slug (D:2)
  2 orcs (D:3)
  5 ball pythons
  5 endoplasms
  A giant cockroach (D:2)
  3 goblins
  3 quokkas
  5 bats
  A frilled lizard (D:2)
  3 kobolds
  7 rats
43 creatures vanquished.

Notes
Turn   | Place    | Note
-------+----------+-------------------------------------------
     0 | D:1      | Holzbalken the Demonspawn Gladiator began the quest for the
                  | Orb.
     0 | D:1      | Reached XP level 1. HP: 16/16 MP: 1/1
   156 | D:1      | Reached skill level 3 in Axes
   308 | D:1      | Gained mutation: You are partially covered in sharp spines.
                  | [demonic ancestry]
   308 | D:1      | Reached XP level 2. HP: 18/22 MP: 2/2
   751 | D:1      | Found Bibyuvis's Distillery.
   754 | D:1      | Bought a potion of curing for 39 gold pieces
  1046 | D:2      | Found a faded altar of an unknown god.
  1183 | D:2      | Gained mutation: You are surrounded by a mild repulsion
                  | field. (EV +2) [demonic ancestry]
  1183 | D:2      | Reached XP level 3. HP: 27/27 MP: 3/3
  1197 | D:2      | Reached skill level 4 in Axes
  1292 | D:2      | Found a blossoming altar of Fedhas.
  1299 | D:2      | Found Geaz's Weapon Shop.
  1402 | D:2      | Gained mutation: You have sharp fingernails. [demonic
                  | ancestry]
  1402 | D:2      | Reached XP level 4. HP: 30/33 MP: 4/4
  1740 | D:3      | Reached skill level 5 in Axes
  1746 | D:3      | Killed from afar by an orc wizard

Illustrated notes

Levels and vault maps discovered:
D:1:      psy_arrival_radial01, layout_basic, serial_shops,
          nicolae_shop_behind_doors, supply_closet_lemuel, minmay_pentomino_o4
D:2:      layout_basic, serial_shops, shop, basic_altar,
          shapermc_ecumenical_altar_totnotflames
D:3:      layout_rooms, mainiacjoe_overflow_boulevard, minivault_5,
          grunt_decor_arrowhead, st_stairs_6

Skill      XL: |  1  2  3  4 |
---------------+-------------+-----
Axes           | 3 4 5 |  5.0
Fighting       | |  2.0
Throwing       | |  1.7
Dodging        | |  2.6

Action                   |  1- 3 |  4- 6 || total
-------------------------+-------+-------++-------
Melee: War axe           |    55 |    24 ||    79
       Punch             |       |     1 ||     1
  Use: Potion            |       |     2 ||     2
Armor: Leather armour    |     6 |       ||     6
       Ring mail         |     2 |       ||     2
       Scale mail        |     7 |    11 ||    18
Dodge: Dodged            |    30 |    21 ||    51
